Map: Acropolis LE

Players

TheCaptan

  • Race: Protoss Protoss
  • Spawn Location: 5:00

A.I. 1 (Very Easy) - Winner!

  • Race: Protoss Protoss
  • Spawn Location: 11:00

VOD

Have the link to the VOD?

Description

cannons at every mineral line

Time

  • Played on: May 15, 2020, 9:58 p.m.
  • Length: 6:42
Show
View Real Time Build Order
Export as new Build Order

TheCaptan Protoss 

Build Orders:  

Get SALT Encoding   

  12  0:01  Probe  
  13  0:14  Probe  
  13  0:20  Pylon  
  14  0:31  Probe  
  15  0:42  Forge  
  15  0:54  Probe  
  16  1:03  Gateway  
  16  1:06  Probe  
  17  1:20  Probe  
  18  1:29  Photon Cannon  
  18  1:35  Probe  
  19  1:46  Nexus  
  19  1:49  Assimilator  
  19  1:51  Probe  
  20  2:09  Probe  
  21  2:17  Assimilator  
  21  2:27  Probe  
  21  2:28  Cybernetics Core  
  22  2:40  Probe  
  23  2:57  Probe  
  24  2:59  Probe  
  25  3:09  Probe  
  26  3:13  Probe  
  26  3:14  Pylon  
  27  3:38  Stargate  
  27  3:39  Probe  
  27  3:40  Probe  
  29  3:57  Assimilator  
  29  3:59  Probe, Assimilator  
  31  4:02  Probe  
  31  4:04  Pylon  
  31  4:11  Probe  
  31  4:34  Probe x2, Photon Cannon  
  31  4:37  Oracle (Chrono Boost)  
  36  4:50  Probe x2  
  38  4:54  Protoss Air Weapons Level 1 (Chrono Boost)  
  38  4:58  Nexus  
  38  5:00  Pylon  
  38  5:02  Fleet Beacon  
  38  5:03  Pylon  
  38  5:08  Probe x2  
  40  5:21  Photon Cannon  
  40  5:27  Probe x2, Void Ray (Chrono Boost)  
  46  5:39  Probe  
  47  5:46  Probe  
  48  5:55  Probe  
  49  5:59  Assimilator  
  49  6:01  Assimilator  
  49  6:04  Probe  
  49  6:08  Stargate  
  49  6:09  Stargate  
  56  6:15  Probe  
  56  6:18  Probe x2  
  59  6:35  Pylon, Cybernetics Core  
  59  6:36  Pylon  
Show
View Real Time Build Order
Export as new Build Order

A.I. 1 (Very Easy) Protoss - Winner!

Build Orders: 1 Gate Expand, Nexus First 

Get SALT Encoding   

  12  0:00  Probe  
  13  0:13  Probe  
  14  0:19  Pylon  
  14  0:43  Gateway  
  14  1:02  Nexus  
  14  1:19  Pylon  
  14  1:21  Zealot  
  14  1:23  Assimilator  
  16  1:33  Probe  
  16  1:35  Cybernetics Core  
  17  1:41  Probe  
  18  1:52  Probe  
  19  2:01  Probe  
  19  2:04  Assimilator  
  19  2:08  Warp Gate  
  20  2:09  Probe  
  20  2:14  Stalker  
  23  2:16  Probe  
  24  2:26  Probe  
  24  2:29  Probe  
  26  2:43  Probe  
  27  2:44  Assimilator  
  27  2:45  Pylon  
  27  2:50  Probe  
  28  2:58  Probe  
  29  3:05  Probe  
  30  3:12  Probe  
  31  3:13  Robotics Facility  
  31  3:19  Probe  
  32  3:26  Probe  
  33  3:32  Adept  
  33  3:34  Probe  
  36  3:41  Probe  
  37  3:48  Probe  
  38  3:55  Probe  
  39  4:01  Observer  
  39  4:02  Probe  
  41  4:09  Probe  
  42  4:13  Probe  
  42  4:16  Assimilator  
  43  4:21  Probe  
  43  4:22  Observer  
  45  4:28  Pylon  
  45  4:29  Probe  
  46  4:34  Probe  
  47  4:45  Probe  
  48  4:51  Sentry  
Tags
 
Add a new tag
Caveats
  • Supply blocks, unpowered buildings, or Contaminate may cause inaccurate times.
  • Supply counts are checked every 10 seconds.